 Dungeon Crawl Stone Soup version 0.20-a0-1116-gaa52201 (webtiles) character file.

124 Infinimo the Conjurer (level 5, -1/25 HPs)
             Began as a Tengu Air Elementalist on May 8, 2017.
             Killed from afar by Natasha (4 damage)
             ... with a magic dart
             ... on level 2 of the Dungeon.
             The game lasted 00:07:26 (2457 turns).

Infinimo the Conjurer (Tengu Air Elementalist)      Turns: 2457, Time: 00:07:26

Health: -1/25      AC:  3    Str:  8    XL:     5   Next: 8%
Magic:  2/9        EV: 17    Int: 16    God:
Gold:   62         SH:  4    Dex: 15    Spells: 2/8 levels left

rFire    + . .     SeeInvis .   j - +0 dagger (protect)
rCold    . . .     Gourm    .   (no shield)
rNeg     . . .     Faith    .   a - +1 robe
rPois    .         Spirit   .   (helmet restricted)
rElec    .         Reflect  .   (no cloak)
rCorr    .         Harm     .   (no gloves)
MR       .....                  (boots unavailable)
Stlth    ++........             (no amulet)
Regen    0.1/turn               (no ring)
MPRegen  0.2/turn               (no ring)

@: flying quickly and evasively, hasted and slowed, quick
A: beak, talons 3, repulsion field 1, large bone plates 1, fire resistance 1,
frail 1, able to fly 1
a: no special abilities


You were on level 2 of the Dungeon.
You were very hungry.

You visited 1 branch of the dungeon, and saw 2 of its levels.

You collected 62 gold pieces.

Inventory:

Hand Weapons
 j - a +0 dagger of protection (weapon)
Armour
 a - a +1 robe (worn)
Scrolls
 h - a scroll of enchant armour
 m - 3 scrolls of teleportation
Books
 b - a book of Air

   Spells                             Type                      Level
   a - Shock                          Conjuration/Air              1
   b - Swiftness                      Charms/Air                   2
   c - Static Discharge               Conjuration/Air              3
   d - Airstrike                      Air                          4
   e - Lightning Bolt                 Conjuration/Air              5
Comestibles
 c - 4 bread rations
 g - 2 fruits


   Skills:
 - Level 2.1 Dodging
 - Level 2.0 Stealth
 - Level 2.0 Spellcasting
 + Level 5.2 Conjurations
 + Level 5.2 Air Magic


You had 2 spell levels left.
You knew the following spells:

 Your Spells              Type           Power        Failure   Level  Hunger
a - Shock                 Conj/Air       ###.         2%          1    #......
b - Swiftness             Chrm/Air       ##......     11%         2    ###....
c - Static Discharge      Conj/Air       ###.....     7%          3    ###....


Dungeon Overview and Level Annotations

Branches:
Dungeon (2/15)

Altars:

Annotations:
D:2 Natasha


Innate Abilities, Weirdness & Mutations

You have a beak for a mouth.
You have claws for feet.
You can fly.
You are surrounded by a mild repulsion field. (EV +2)
You are partially covered in large bone plates. (SH +4)
Your flesh is heat resistant. (rF+)
You are frail. (-10% HP)


Message History

You resist with some effort.
Natasha is severely wounded.
Natasha claws you!
Natasha stares at you and mumbles some strange words.
You feel as though you will be slow longer.
Okay, then.
You feel yourself speed up.
Natasha casts a spell.
You claw the shadow imp.
The shadow imp is lightly wounded.
Natasha mumbles some strange words.
The shadow imp gestures at you. Pain shoots through your body!
* * * LOW HITPOINT WARNING * * *
Okay, then.
It was a potion of flight.
You feel very buoyant.
You swoop lightly up into the air.
Natasha stares at you and mumbles some strange words.
The magic dart hits you!
You die...

...............# ##.#.####
###......$.....####.....<<.
#...................)..†)
#####.####.....##........
##.# ##.##...(....... #...
#..#........... #...
#..............
.##...####.#..).........
......5@h5(...##....####
......####5..)####..###
###.. #....## ##...##
#...####.(.(.# #.#...
#............# #.####
...###....).####.# #
#..........#.#
#.#......#...#
#.#....#.....####


You could see an iron imp, Natasha, a crimson imp and a shadow imp.

Vanquished Creatures
  Natasha (D:2)
  Robin (D:2)
  3 adders
  2 leopard geckos
  5 bats
  A giant cockroach (D:1)
  12 goblins (D:2)
  7 hobgoblins
  11 jackals
  2 frilled lizards (D:1)
  5 kobolds
  A rat (D:1)
51 creatures vanquished.

Notes
Turn   | Place    | Note
-------+----------+-------------------------------------------
     0 | D:1      | Infinimo the Tengu Air Elementalist began the quest for the Orb.
     0 | D:1      | Reached XP level 1. HP: 10/10 MP: 4/4
   413 | D:1      | Reached XP level 2. HP: 15/15 MP: 1/6
  1018 | D:1      | Reached XP level 3. HP: 19/19 MP: 3/7
  1586 | D:2      | Reached XP level 4. HP: 16/24 MP: 0/8
  1690 | D:2      | Noticed Natasha
  1697 | D:2      | Killed Natasha
  1717 | D:2      | Reached skill level 5 in Air Magic
  1848 | D:2      | Noticed Robin
  1850 | D:2      | Reached skill level 5 in Conjurations
  1949 | D:2      | Noticed Natasha
  1951 | D:2      | Learned a level 2 spell: Swiftness
  1955 | D:2      | Learned a level 3 spell: Static Discharge
  2336 | D:2      | Killed Robin
  2336 | D:2      | Gained mutation: You can fly. [Tengu growth]
  2336 | D:2      | Reached XP level 5. HP: 28/28 MP: 0/9
  2451 | D:2      | Gained mutation: Your flesh is heat resistant. (rF+) [potion of mutation]
  2451 | D:2      | Gained mutation: You are surrounded by a mild repulsion field. (EV +2) [potion of mutation]
  2451 | D:2      | Gained mutation: You are frail. (-10% HP) [potion of mutation]
  2451 | D:2      | Gained mutation: You are partially covered in large bone plates. (SH +4) [potion of mutation]
  2457 | D:2      | Killed from afar by Natasha

Vault maps used:
D:1:      dpeg_arrival_renting
D:2:      first_bread, kennysheep_slug_shrine, uniq_natasha, uniq_robin

Skill      XL: |  1  2  3  4 |
---------------+-------------+-----
Conjurations   | 2 3 4 5 |  5.2
Air Magic      | 5 |  5.2
Dodging        | |  2.1
Stealth        | |  2.0
Spellcasting   | |  2.0

Action                   |  1- 3 |  4- 6 || total
-------------------------+-------+-------++-------
Melee: Unarmed           |     7 |       ||     7
       Peck              |     4 |     2 ||     6
       Dagger            |     9 |    16 ||    25
       Kick              |     2 |     5 ||     7
 Cast: Shock             |    68 |    47 ||   115
       Static Discharge  |       |     2 ||     2
       Swiftness         |       |     1 ||     1
  Use: Scroll            |     7 |     1 ||     8
       Potion            |       |     4 ||     4
  Eat: Chunk             |     2 |     4 ||     6
Armor: Robe              |    10 |    16 ||    26
Dodge: Dodged            |    33 |    54 ||    87
Block: Other             |       |     2 ||     2
